 Dungeon Crawl Stone Soup version 0.15-a0-429-gf5d7e11 (webtiles) character file.

917 4tharraofdagon the Insei (level 7, 0/37 HPs)
             Began as a Vine Stalker Monk on May 6, 2014.
             Was a Priest of Cheibriados.
             Succumbed to kobold's curare-tipped needle
             ... on Level 8 of the Dungeon.
             The game lasted 00:08:51 (1482 turns).

4tharraofdagon the Insei (Vine Stalker Monk)        Turns: 1482, Time: 00:08:51

HP   0/37        AC 10     Str 19      XL: 7   Next: 80%
MP   1/10        EV  5     Int 16      God: Cheibriados [***...]
Gold 159         SH  0     Dex 25      Spells:  0 memorised,  6 levels left

rFire  . . .     SeeInvis .       - Unarmed
rCold  . . .     Clarity  .     e - +0 plate armour (curse)
rNeg   + . .     Conserve .     (no shield)
rPois  .         rCorr    .     (no helmet)
rElec  .         rRot     +     (no cloak)
SustAb . .       Spirit   +     (no gloves)
rMut   .         Warding  .     (no boots)
Saprov . . .     Stasis   .     f - amulet of faith
MR     .....                    (no ring)
                                t - ring of positive energy

@: invisible (expiring), lethally poisoned, very slightly contaminated, slowed,
very slow, not resistant to hostile enchantments, extremely unstealthy
A: fangs 2, regeneration 2, magic shield, antimagic bite, no device heal
a: Bend Time, Temporal Distortion, Renounce Religion


You were on level 8 of the Dungeon.
You worshipped Cheibriados.
Cheibriados was most pleased with you.
You were not hungry.

You visited 2 branches of the dungeon, and saw 9 of its levels.

You collected 159 gold pieces.

Inventory:

Missiles
 l - 8 javelins of penetration (quivered)
Armour
 a - a +0 robe
 e - a cursed +0 plate armour (worn)
 j - a +0 chain mail
Magical devices
 g - a wand of invisibility (3)
 i - a wand of digging (10)
 q - a wand of digging (13)
Comestibles
 b - 4 bread rations
 n - a meat ration
Scrolls
 r - a scroll of noise
 s - a scroll of remove curse
 u - a scroll of recharging
 w - a scroll of magic mapping
Jewellery
 f - an amulet of faith (around neck)
 t - a ring of positive energy (left hand)
Potions
 c - a potion of cure mutation
 h - a potion of confusion
 m - 2 potions of haste {unknown}
 o - a potion of brilliance
 v - a potion of paralysis {unknown}


   Skills:
 + Level 4.3 Fighting
 + Level 3.9 Dodging
 + Level 5.2 Stealth
 * Level 6.5 Unarmed Combat
 * Level 1.5 Invocations


You had 6 spell levels left.
You didn't know any spells.

Dungeon Overview and Level Annotations

Branches:
Dungeon (8/15)             Temple (1/1) D:7
   Lair: D:8-11

Altars:
Cheibriados
Dithmenos
Fedhas
Kikubaaqudgha
Makhleb
Okawaru
Sif Muna
Trog
Vehumet
Xom
The Shining One

Annotations:
D:2 Sigmund


Innate Abilities, Weirdness & Mutations

You are immune to rotting.
You have extremely sharp teeth.
You heal very quickly.
When hurt, damage is shared between your health and your magic reserves.
Your bite disrupts and absorbs the magic of your enemies.
Potions and wands cannot restore your HP.


Message History

You hit the kobold but do no damage. Your bite misses the kobold.
* * * LOW HITPOINT WARNING * * *
You feel sick.
Unknown command.
Unknown command.
* * * LOW HITPOINT WARNING * * *
You feel sick.
The kobold shouts!
The kobold wields an uncursed blowgun.
The kobold shoots a curare-tipped needle.
The curare-tipped needle barely misses the big kobold.
The curare-tipped needle barely misses you.
The big kobold hits you.
* * * LOW HITPOINT WARNING * * *
You see here a kobold corpse.
Unknown command.
Unknown command.
You have got your breath back.
You flicker for a moment.
You die...

#.# ... #.# #.# ## #.#
#.. #.# #... #.#
#....################Y#
#.(...@%K.KKK......Yoo.
##.##################K#
#(# #.# #o# #.# #o# #.#
.


You could see 2 big kobolds and 2 kobolds.

Vanquished Creatures
  3 sky beasts (D:7)
  2 giant frogs
  A scorpion (D:4)
  A crimson imp (D:7)
  An orc priest (D:7)
  An orc wizard (D:7)
  A hound (D:7)
  A jelly (D:6)
  A worker ant (D:6)
  Ijyb (D:3)
  A gnoll (D:4)
  4 adders
  An iguana zombie (D:7)
  A giant eyeball (D:6)
  5 giant geckos
  An ooze (D:3)
  9 orcs
  A ball python (D:2)
  A bat skeleton (D:3)
  3 goblins
  2 hobgoblins
  4 jackals (D:3)
  5 bats
  A giant cockroach (D:4)
  2 giant newts
  2 goblin skeletons (D:5)
  7 kobolds
  4 quokkas
  6 rats
  A rat skeleton (D:4)
74 creatures vanquished.

Notes
Turn   | Place    | Note
--------------------------------------------------------------
     0 | D:1      | 4tharraofdagon, the Vine Stalker Monk, began the quest for the Orb.
     0 | D:1      | Reached XP level 1. HP: 11/11 MP: 1/1
   156 | D:1      | Reached XP level 2. HP: 16/16 MP: 3/3
   271 | D:2      | Noticed Sigmund
   395 | D:3      | Reached XP level 3. HP: 19/19 MP: 2/4
   413 | D:3      | Noticed Ijyb
   435 | D:3      | Killed Ijyb
   470 | D:3      | Reached XP level 4. HP: 15/24 MP: 5/5
   709 | D:4      | Reached skill level 5 in Unarmed Combat
   709 | D:4      | Reached XP level 5. HP: 3/28 MP: 1/7
   734 | D:5      | Entered Level 5 of the Dungeon
   903 | D:6      | Gained mutation: You heal very quickly. [vine stalker growth]
   903 | D:6      | Reached XP level 6. HP: 24/32 MP: 8/8
   909 | D:6      | Paralysed by a giant eyeball for 3 turns
   975 | D:6      | Noticed an ogre
  1069 | D:7      | Found a staircase to the Ecumenical Temple.
  1079 | Temple   | Entered the Ecumenical Temple
  1103 | Temple   | Became a worshipper of Cheibriados the Contemplative
  1240 | D:7      | Reached skill level 6 in Unarmed Combat
  1240 | D:7      | Reached XP level 7. HP: 13/37 MP: 7/9
  1344 | D:7      | Reached skill level 5 in Stealth
  1374 | D:7      | Reached skill level 1 in Invocations
  1449 | D:8      | Noticed a yak
  1449 | D:8      | Noticed a yak
  1478 | D:8      | Acquired Cheibriados' first power
  1479 | D:8      | geesus
  1481 | D:8      | HP: 1/37 [big kobold (1)]
  1482 | D:8      | Succumbed to kobold's curare-tipped needle

Action                   |  1- 3 |  4- 6 |  7- 9 || total
-------------------------+-------+-------+-------++-------
Melee: Unarmed           |    92 |   171 |    61 ||   324
Evoke: Wand              |       |     2 |       ||     2
  Use: Scroll            |     3 |     7 |     2 ||    12
       Potion            |     2 |       |     1 ||     3
 Stab: Invisible         |       |       |     1 ||     1

Vault maps used:
D:1:      ldierk_walled_garden_2
D:2:      uniq_jessica, uniq_sigmund
D:3:      evilmike_ruin_ashenzari, first_bread, uniq_iyjb
D:4:      minitemple, kennysheep_generic_room_14
D:5:      lemuel_crystal_altar, serial_shops, shop, uniq_eustachio
D:6:      hangedman_decor_opposing, st_stairs_4, kennysheep_generic_room_5
D:7:      temple_hall, uniq_edmund
D:8:      special_room, hangedman_ranch
Temple:   triangle_lava_temple_11
